General information
- name: BNet
- type: Ladder 1vs1/FFA
- host: Battle.net
- saver: pps.0
map: MeltingValley
- players: 2
- length: 40:59
- speed: Fast
- version: 1.24 W3XP
- replay type: Public
» download(107 KB)
Players
team 1 (winner)
pps.0 (
blue | 50 APM | 2046 actions | 40:59)
5 Blademaster
2 Wind Walk
3 Critical Strike
4 Shadow Hunter
2 Hex
2 Healing Wave
» actions
| Assign group hotkey | 54 | |
| Basic commands | 82 | |
| Build / train | 88 | |
| ESC pressed | 9 | |
| Enter build submenu | 54 | |
| Enter hero's abilities submenu | 10 | |
| Give item / drop item | 12 | |
| Remove unit from queue | 2 | |
| Right click | 824 | |
| Select / deselect | 292 | |
| Select group hotkey | 418 | |
| Use ability | 201 | |
2046 total
» units
| Peon | 16 | |
| Wind Rider | 4 | |
| Troll Witch Doctor | 3 | |
| Raider | 1 | |
| Tauren | 3 | |
| Shaman | 1 | |
| Spirit Walker | 2 | |
30 total
» upgrades
| Ranged Weapons | 3 | |
| Envenomed Spears | 1 | |
| Ensnare | 1 | |
| Witch Doctor Training | 2 | |
| Reinforced Defenses | 1 | |
| Armor | 3 | |
| Liquid Fire | 1 | |
| Pulverize | 1 | |
| Shaman Training | 2 | |
| Spirit Walker Training | 2 | |
| Melee Weapons | 2 | |
19 total
» buildings
| Altar of Storms | 1 | |
| Orc Burrow | 9 | |
| Voodoo Lounge | 3 | |
| War Mill | 1 | |
| Watch Tower | 35 | |
| Stronghold | 1 | |
| Beastiary | 2 | |
| Fortress | 1 | |
| Spirit Lodge | 3 | |
| Great Hall | 2 | |
| Tauren Totem | 3 | |
61 total
» build order
00:05 Altar of Storms
00:17 Orc Burrow
00:58 Voodoo Lounge
01:09 War Mill
01:38 Orc Burrow
02:34 Watch Tower
02:54 Watch Tower
04:21 Stronghold
04:28 Watch Tower
04:33 Watch Tower
05:26 Orc Burrow
05:44 Watch Tower
05:46 Watch Tower
07:06 Beastiary
07:07 Beastiary
07:21 Fortress
07:32 Spirit Lodge
10:36 Great Hall
10:59 Watch Tower
11:03 Watch Tower
11:25 Watch Tower
11:55 Orc Burrow
12:20 Watch Tower
12:23 Watch Tower
14:24 Voodoo Lounge
17:01 Watch Tower
17:02 Watch Tower
17:23 Tauren Totem
20:34 Tauren Totem
20:35 Tauren Totem
21:17 Spirit Lodge
22:07 Spirit Lodge
22:12 Watch Tower
22:13 Watch Tower
22:13 Watch Tower
25:29 Orc Burrow
25:30 Orc Burrow
25:30 Orc Burrow
26:00 Watch Tower
28:43 Great Hall
28:46 Voodoo Lounge
28:58 Orc Burrow
29:00 Watch Tower
29:01 Watch Tower
29:02 Watch Tower
29:03 Watch Tower
29:16 Orc Burrow
29:56 Watch Tower
29:57 Watch Tower
29:58 Watch Tower
30:03 Watch Tower
30:05 Watch Tower
30:05 Watch Tower
30:48 Watch Tower
30:49 Watch Tower
30:50 Watch Tower
30:51 Watch Tower
33:15 Watch Tower
33:17 Watch Tower
34:26 Watch Tower
34:27 Watch Tower
» items
| Healing Salve | 3 | |
| Lesser Clarity Potion | 8 | |
| Staff of Teleportation | 1 | |
| Boots of Speed | 2 | |
| Dust of Appearance | 1 | |
| Orb of Lightning | 2 | |
| Potion of Mana | 2 | |
| Periapt of Vitality | 1 | |
| Potion of Lesser Invulnerability | 1 | |
| Scroll of Healing | 1 | |
| Potion of Healing | 2 | |
24 total
team 2 (loser)

»
Method23 (
purple | 44 APM | 1803 actions | 40:59)
3 Shadow Hunter
1 Hex
2 Healing Wave
3 Blademaster
1 Wind Walk
2 Critical Strike
» actions
| Assign group hotkey | 399 | |
| Basic commands | 56 | |
| Build / train | 71 | |
| Enter build submenu | 21 | |
| Enter hero's abilities submenu | 6 | |
| Give item / drop item | 3 | |
| Remove unit from queue | 7 | |
| Right click | 591 | |
| Select / deselect | 356 | |
| Select group hotkey | 193 | |
| Use ability | 100 | |
1803 total
» units
| Peon | 14 | |
| Grunt | 2 | |
| Demolisher | 6 | |
| Raider | 1 | |
| Goblin Sapper | 5 | |
| Troll Batrider | 6 | |
| Wind Rider | 1 | |
| Forest Troll Shadow Priest | 1 | |
36 total
» upgrades
| Armor | 2 | |
| Ranged Weapons | 2 | |
| Ensnare | 1 | |
| Melee Weapons | 2 | |
| Berserker Strength | 1 | |
| Liquid Fire | 1 | |
9 total
» buildings
| Altar of Storms | 1 | |
| Orc Burrow | 6 | |
| Voodoo Lounge | 1 | |
| Barracks | 2 | |
| War Mill | 1 | |
| Watch Tower | 4 | |
| Stronghold | 1 | |
| Beastiary | 2 | |
| Fortress | 1 | |
| Tauren Totem | 1 | |
| Great Hall | 1 | |
21 total
» build order
00:08 Altar of Storms
00:15 Orc Burrow
01:34 Voodoo Lounge
01:38 Barracks
01:40 Barracks
01:49 War Mill
02:00 Orc Burrow
03:04 Watch Tower
05:34 Stronghold
08:30 Beastiary
08:35 Beastiary
08:50 Orc Burrow
09:46 Orc Burrow
09:54 Orc Burrow
10:44 Orc Burrow
19:12 Watch Tower
19:19 Watch Tower
19:22 Fortress
22:03 Tauren Totem
27:50 Watch Tower
37:45 Great Hall
» items
| Healing Salve | 1 | |
| Lesser Clarity Potion | 4 | |
| Scroll of Speed | 1 | |
| Dust of Appearance | 1 | |
| Boots of Speed | 1 | |
| Scroll of Protection | 1 | |
9 total
Chat log
(00:25 / All) Method23: yo
(00:28 / All) Method23: gl hf :P
(00:40 / All) pps.0: ¿què?
(00:46 / All) Method23: good luck
(00:48 / All) Method23: have fun
(00:51 / All) pps.0: no understand
(01:10 / All) Method23: que pasa
(01:17 / All) pps.0: ?
(06:28 / All) Method23: lol
(16:48 / All) Method23: this is gay...
(30:31 / All) Method23: attack?
(30:37 / All) pps.0: leave noob
(30:37 / All) pps.0: lol
(30:47 / All) Method23: not till you win
(30:57 / All) pps.0: i won a loooong time ago
(30:58 / All) Method23: i thought you didnt speak english faggot
(31:00 / All) pps.0: lmfao
(31:10 / All) pps.0: its an easy way to piss off stupid people
(31:12 / All) Method23: are you really laughing your fuckin ass off?
(31:18 / All) pps.0: literaly
(31:20 / All) pps.0: *literally
(31:24 / All) Method23: haha
(31:26 / All) Method23: sad
(31:31 / All) pps.0: because i won and you lost?
(31:33 / All) pps.0: lmao
(31:40 / All) Method23: why are u laughin haha
(31:48 / All) pps.0: because i won and u cant do anything
(31:52 / All) pps.0: get mad about it :)
(31:58 / All) Method23: sure i can i can leave and join another :)
(32:08 / All) pps.0: but your ego is too fragile
(32:08 / All) Method23: look at my record for crying out loud you think i actually care haha
(32:11 / All) pps.0: thats why you cant leave
(32:21 / All) Method23: no its the exact opposite actually
(32:22 / All) pps.0: i saw your record, its trash and youre not even lossbotting
(32:24 / All) Method23: im bored
(32:29 / All) pps.0: no you just suck
(32:34 / All) Method23: haha
(32:46 / All) pps.0: if your incompetence amuses you, go nuts :)
(32:51 / All) Method23: see you take this game way to serious man im sorry your life sucks and acting how you are makes you truly feel better
(33:04 / All) pps.0: so your point is that my life sucks because i play wc3?
(33:07 / All) Method23: like im literally sorry
(33:10 / All) pps.0: what game are you playing
(33:12 / All) Method23: nope
(33:18 / All) Method23: thats not y
(33:24 / All) pps.0: this should be good
(33:25 / All) pps.0: why then
(33:26 / All) pps.0: :D
(33:28 / All) Method23: its because you are enjoying this win way too much
(33:34 / All) pps.0: i enjoy every win
(33:36 / All) pps.0: you should try it
(33:45 / All) Method23: i enjoy every win and every loss :P
(33:53 / All) pps.0: you dont sound like youre enjoying this one :)
(33:59 / All) Method23: why?
(34:05 / All) pps.0: have you ever won except against a lossbot or a comp?
(34:16 / All) Method23: answer my question first
(34:17 / All) Method23: please
(34:19 / All) Method23: :P
(34:21 / All) pps.0: beg harder
(34:28 / All) Method23: damn ur weird...
(34:34 / All) pps.0: no u
(34:39 / All) Method23: no u?
(34:40 / All) Method23: haha
(34:43 / All) pps.0: learn to expand
(34:44 / All) pps.0: btw
(34:54 / All) pps.0: or push with 50 food when you dont expand
(34:59 / All) pps.0: you know, have actual strategy
(34:59 / All) Method23: im sorry but i bet your like 15 and your having way to much fun with a game that will never help you in life
(35:01 / All) pps.0: in a strategy game
(35:13 / All) Method23: i dont have a strat because i dont play this game much
(35:16 / All) pps.0: when you make dumbass assumptions about me it just shows me how angry you are
(35:18 / All) Method23: its way to old
(35:25 / All) Method23: how?
(35:30 / All) pps.0: you assume that i play more than you because i won
(35:31 / All) Method23: how does that show anger in any way
(35:33 / All) Method23: im just bored
(35:36 / All) pps.0: youre reaching out
(35:38 / All) Method23: not true
(35:38 / All) pps.0: for something to attack
(35:41 / All) Method23: nope
(35:41 / All) pps.0: because youre upset
(35:44 / All) pps.0: classic rag
(35:44 / All) Method23: just bored
(35:46 / All) pps.0: rage
(35:49 / All) Method23: nope
(35:50 / All) pps.0: nobody ever admits it
(35:54 / All) Method23: hahaha
(35:57 / All) Method23: your not admitting it
(36:00 / All) pps.0: *you're
(36:06 / All) Method23: :P
(36:12 / All) Method23: hahahaha you make me laugh
(36:13 / All) pps.0: what do i have to rage about? i won :)
(36:20 / All) Method23: uyour life :(
(36:41 / All) Method23: sitting at home doing nothign but smokin weed and playing video games goin no where in life :(
(36:42 / All) Method23: sucks
(36:57 / All) Method23: im bored and have nothing to do because im waititng to leave for the united states air force...
(37:06 / All) Method23: i would play x box, but it broke
(37:09 / All) Method23: pc games suck
(37:15 / All) Method23: always too repetive
(37:19 / All) Method23: sort of
(37:24 / All) Method23: wow was alright
(37:26 / All) Method23: for a little
(37:29 / All) Method23: then it turned homo
(37:39 / All) Method23: but cod 4/6 were pretty good
(38:15 / All) Method23: why so serious?
(38:54 / All) Method23: so where you from?
(38:58 / All) Method23: alaska?
(39:06 / All) Method23: gayville?
(39:11 / All) Method23: one sec have to pee
(39:19 / All) Method23: you were really going to wait haha?
(39:29 / All) Method23: see i knew you were a weirdo
(39:57 / All) pps.0: back :)
(40:02 / All) Method23: howdy
(40:03 / All) pps.0: you been talking to yourself?
(40:13 / All) Method23: only a little have fun masturbating?
(40:13 / All) pps.0: here you go ill release you
(40:19 / All) Method23: :)
(40:21 / All) pps.0: from this painful experience
(40:31 / All) Method23: oh soo painful
(40:37 / All) Method23: make me care more please
(40:45 / All) Method23: noooooooooooooooooooooooo
(40:47 / All) pps.0: if you didnt youd leav
(40:47 / All) Method23: pleaseeeeeeeeeeeee
(40:53 / All) Method23: if you kill me ill kill myself
(40:55 / All) pps.0: dont get so defensive next time :)
(40:57 / All) Method23: lol